AoeStats
← Jimbo990

Arena

512930579Analyzed
4v4 RM · 5d ago on Oct 11, 2026· 93m 55s· 8 players
Game mode
Random Map
Map size
Large (8 player)
Population
200
Speed
Normal
Resources
Standard
Victory
Conquest
Starting age
Dark Age
Ending age
Imperial Age
RankedLock teamsTeams togetherTeam positionsShared explorationLock speedFull tech treeHidden civsTurbo modeCheats
Victory
Defeat
🇵🇭 Turks · Philippines
533
+18
🇵🇭 Huns · Philippines
530
+18
🇵🇭 Magyars · Philippines
494
+19
🇵🇭 Bohemians · Philippines
479
+19
vs
🇨🇱 Khmer · Chile
635
-22
🇬🇧 Portuguese · United Kingdom
586
-19
🇹🇷 Chinese · Türkiye
583
-19
🇩🇪 Turks · Germany
464
-14
AHA
12:30 Feudal Age
16:58 Castle Age
18:00 Double-Bit Axe
18:01 Horse Collar
23:23 Bow Saw
27:42 Scale Barding Armor
27:47 Forging
29:53 Heavy Plow
32:00 Iron Casting
31:50 Chain Barding Armor
31:39 Husbandry
33:22 Wheelbarrow
32:35 Loom
34:22 Hand Cart
35:26 Chemistry
40:01 Imperial Age
42:45 Houfnice
43:38 Caravan
43:45 Padded Archer Armor
43:36 Fletching
43:47 Scale Mail Armor
44:47 Blast Furnace
43:18 Cavalier
43:18 Light Cavalry
44:40 Elite Hussite Wagon
45:27 Wagenburg Tactics
45:49 Bombard Tower
45:20 Guard Tower
45:51 Ballistics
45:42 Masonry
45:38 Siege Engineers
45:44 Fortified Wall
45:29 Murder Holes
61:12 Coinage
70:26 Pikeman
71:06 Squires
71:50 Architecture
71:57 Guilds
75:46 Halberdier
75:47 Man-at-Arms
76:12 Arson
OUMEASIM
12:34 Feudal Age
16:16 Castle Age
14:42 Double-Bit Axe
14:49 Gold Mining
14:50 Stone Mining
14:55 Horse Collar
22:14 Stone Mining
22:59 Gold Shaft Mining
22:36 Heavy Plow
24:51 Wheelbarrow
27:19 Bow Saw
31:33 Imperial Age
30:31 Gold Shaft Mining
32:36 Elite Janissary
35:20 Fletching
35:30 Padded Archer Armor
35:45 Caravan
46:10 Bombard Tower
45:35 Arrowslits
46:12 Ballistics
45:45 Heated Shot
45:38 Treadmill Crane
54:17 Artillery
55:25 Hand Cart
62:19 Guard Tower
62:41 Fortified Wall
64:30 Bloodlines
64:21 Husbandry
71:26 Leather Archer Armor
71:07 Bodkin Arrow
71:17 Scale Barding Armor
71:13 Scale Mail Armor
71:23 Forging
81:17 Sipahi
81:36 Ring Archer Armor
81:07 Bracer
81:27 Chain Barding Armor
81:23 Chain Mail Armor
81:43 Iron Casting
81:23 Masonry
81:50 Keep
82:59 Heavy Scorpion
COCA MAN
1:43 Loom
12:37 Feudal Age
14:13 Wheelbarrow
13:25 Double-Bit Axe
13:29 Horse Collar
18:33 Scale Mail Armor
23:23 Forging
23:19 Scale Barding Armor
27:27 Castle Age
27:24 Bloodlines
30:29 Ballistics
30:49 Masonry
31:22 Hand Cart
31:10 Heavy Plow
33:09 Husbandry
33:52 Chain Barding Armor
33:49 Chain Mail Armor
34:06 Bow Saw
33:54 Gold Mining
33:54 Stone Mining
34:53 Marauders
34:20 Pikeman
47:59 Iron Casting
50:31 Imperial Age
58:12 Elite Tarkan
61:50 Two-Man Saw
64:56 Atheism
73:11 Light Cavalry
74:57 Conscription
76:49 Hussar
80:55 Plate Barding Armor
81:21 Blast Furnace
80:55 Man-at-Arms
81:41 Squires
81:34 Long Swordsman
83:22 Halberdier
84:40 Two-Handed Swordsman
Shimiya
8:28 Feudal Age
9:18 Double-Bit Axe
10:36 Gold Mining
13:51 Horse Collar
19:04 Castle Age
20:16 Bow Saw
20:53 Gold Shaft Mining
20:26 Heavy Plow
24:05 Stone Mining
31:54 Corvinian Army
32:42 Scale Barding Armor
33:42 Husbandry
33:54 Bloodlines
37:19 Imperial Age
41:00 Elite Magyar Huszar
43:02 Crop Rotation
45:06 Capped Ram
50:07 Elite Skirmisher
71:34 Chain Barding Armor
77:03 Plate Barding Armor
Jimbo990
3:10 Loom
12:06 Feudal Age
13:15 Double-Bit Axe
18:29 Castle Age
22:36 Town Watch
27:15 Masonry
27:15 Fortified Wall
27:49 Bow Saw
27:23 Horse Collar
30:30 Pikeman
33:55 Imperial Age
32:45 Caravan
32:44 Murder Holes
33:10 Ballistics
34:01 Wheelbarrow
36:42 Two-Man Saw
35:57 Forging
35:37 Fletching
35:48 Scale Mail Armor
35:48 Padded Archer Armor
35:33 Treadmill Crane
37:37 Heavy Plow
39:06 Chemistry
38:50 Arquebus
39:17 Hand Cart
40:37 Circumnavigation
41:57 Elite Organ Gun
42:03 Elite Organ Gun
45:39 Capped Ram
46:17 Halberdier
46:45 Arson
47:41 Iron Casting
47:21 Leather Archer Armor
47:22 Chain Mail Armor
47:02 Bodkin Arrow
47:30 Bombard Tower
67:14 Light Cavalry
72:25 Bloodlines
72:26 Scale Barding Armor
72:52 Plate Mail Armor
76:56 Architecture
76:51 Chain Barding Armor
77:32 Blast Furnace
76:32 Bracer
rebecca (bexy)
Taha Bey
13:17 Feudal Age
19:10 Castle Age
18:58 Double-Bit Axe
18:55 Horse Collar
19:11 Gold Mining
20:58 Heavy Plow
22:28 Bow Saw
29:21 Coinage
28:51 Caravan
29:39 Fortified Wall
30:07 Wheelbarrow
29:51 Squires
31:49 Hand Cart
32:06 Elite Skirmisher
32:52 Pikeman
33:21 Arson
33:02 Crossbowman
34:25 Murder Holes
34:51 Ballistics
38:29 Imperial Age
36:53 Thumb Ring
37:36 Great Wall
38:04 Stone Mining
38:57 Gold Shaft Mining
39:35 Bloodlines
38:48 Light Cavalry
38:57 Arbalester
39:02 Elite Fire Lancer
39:05 Halberdier
42:00 Conscription
42:04 Rocketry
41:05 Elite Chu Ko Nu
43:28 Stone Shaft Mining
43:49 Banking
44:23 Chemistry
43:28 Padded Archer Armor
43:19 Fletching
43:34 Scale Barding Armor
43:30 Scale Mail Armor
43:40 Forging
43:58 Heavy Rocket Cart
43:59 Heavy Scorpion
45:57 Two-Man Saw
46:59 Husbandry
46:19 Cavalier
48:16 Capped Ram
49:27 Siege Ram
SouthWarrior260
1:14 Loom
14:20 Feudal Age
15:34 Double-Bit Axe
15:50 Horse Collar
16:04 Town Watch
17:35 Wheelbarrow
23:57 Castle Age
23:47 Bloodlines
25:49 Husbandry
25:17 Light Cavalry
26:28 Bow Saw
27:42 Man-at-Arms
29:12 Heavy Plow
30:05 Fortified Wall
29:51 Murder Holes
30:20 Caravan
32:59 Hand Cart
36:19 Imperial Age
33:44 Arson
35:01 Masonry
36:43 Heavy Scorpion
38:05 Long Swordsman
38:58 Guard Tower
39:31 Capped Ram
41:10 Pikeman
41:10 Two-Handed Swordsman
43:40 Tusk Swords
44:43 Keep
43:46 Cavalier
44:50 Forging
44:42 Scale Mail Armor
44:43 Padded Archer Armor
46:19 Ballistics
46:21 Heated Shot
48:02 Chemistry
48:14 Elite Ballista Elephant
48:50 Elite Skirmisher
48:50 Crossbowman
51:56 Double Crossbow
52:44 Chain Mail Armor
53:05 Iron Casting
52:59 Hussar
54:51 Halberdier
57:55 Fletching
59:05 Scale Barding Armor
60:53 Leather Archer Armor
62:32 Conscription
65:18 Architecture
64:53 Siege Engineers
66:29 Elite Battle Elephant
76:20 Blast Furnace
75:40 Chain Barding Armor
75:17 Bodkin Arrow
Connection lost

Rejoining the realm…

Still unreachable

The connection could not be restored.

Session expired

The server has moved on; the page needs a fresh start.